 Dungeon Crawl Stone Soup version 0.29.1-1-gd02db6906a (webtiles) character file.

Game seed: 17455799171797512980

704 safid the Shooter (level 7, -20/64 HPs)
             Began as a Minotaur Hunter on Sept 23, 2022.
             Was an Initiate of Okawaru.
             Demolished by an ogre
             ... wielding a +0 giant spiked club
              (38 damage)
             ... on level 5 of the Dungeon.
             The game lasted 00:09:09 (5463 turns).

safid the Shooter (Minotaur Hunter)                 Turns: 5463, Time: 00:09:09

Health: -20/64     AC:  4    Str: 21    XL:     7   Next: 39%
Magic:  6/6        EV: 13    Int:  6    God:    Okawaru [......]
Gold:   95         SH:  0    Dex: 16    Spells: 6/6 levels left

rFire   . . .      SeeInvis .   a - +0 shortbow
rCold   . . .      Faith    .   (shield currently unavailable)
rNeg    . . .      Spirit   .   c - +0 leather armour
rPois   .          Reflect  .   (helmet restricted)
rElec   .          Harm     .   (no cloak)
rCorr   .          Rampage  .   k - +0 pair of gloves
Will    .....                   (no boots)
Stlth   +.........              t - amulet of the acrobat
HPRegen 0.20/turn               d - +6 ring of strength
MPRegen 0.10/turn               (no ring)

@: no status effects
A: horns 2, retaliatory headbutt
a: Renounce Religion


You were on level 5 of the Dungeon.
You worshipped Okawaru.
Okawaru was noncommittal.
You visited 2 branches of the dungeon, and saw 6 of its levels.
You also visited: Ossuary.

You collected 485 gold pieces.
You spent 390 gold pieces at shops.

Inventory:

Hand Weapons
 a - a +0 shortbow (weapon)
Missiles
 i - a throwing net
Armour
 c - a +0 leather armour (worn)
 k - a +0 pair of gloves (worn)
Jewellery
 d - a +6 ring of strength (left hand)
 s - a +6 ring of intelligence
 t - an amulet of the acrobat (around neck)
Wands
 B - a wand of roots (5)
 D - a wand of flame (19)
Scrolls
 e - 3 scrolls of amnesia {unknown}
 g - 9 scrolls of identify {unknown}
 h - 2 scrolls of blinking {unknown}
 l - 2 scrolls of enchant armour {unknown}
 m - 3 scrolls of poison {unknown}
 n - a scroll of summoning {unknown}
 o - 2 scrolls of butterflies {unknown}
 u - 2 scrolls of vulnerability {unknown}
 w - 2 scrolls of noise {unknown}
 y - a scroll of fear {unknown}
 C - 2 scrolls of enchant weapon {unknown}
 E - a scroll of brand weapon {unknown}
Potions
 b - 4 potions of attraction {unknown}
 f - 2 potions of berserk rage
 j - a potion of haste {unknown}
 q - 6 potions of curing
 r - 3 potions of flight
 v - 4 potions of brilliance {unknown}
 x - a potion of mutation {unknown}
 z - a potion of cancellation
 A - a potion of ambrosia


   Skills:
 + Level 6.7 Fighting
 + Level 7.4 Ranged Weapons
 - Level 4.0 Dodging
 - Level 0.7 Stealth


You had 6 spell levels left.
You didn't know any spells.
Your spell library contained the following spells:

 Spells                   Type           Power      Damage    Failure   Level
 Gell's Gravitas          Tloc           0%         N/A       86%         3
 Lesser Beckoning         Tloc           0%         N/A       86%         3
 Teleport Other           Tloc           0%         N/A       86%         3
 Fulminant Prism          Conj/Hex       0%         3d6       99%         4
 Iskenderun's Mystic Bla  Conj/Tloc      0%         2d3       99%         4
 Lee's Rapid Deconstruct  Erth           0%         3d5*      100%        5


Dungeon Overview and Level Annotations

Branches:
Dungeon (5/15)             Temple (1/1) D:5         Ossuary (visited)

Altars:
Cheibriados
Dithmenos
Elyvilon
Fedhas
Gozag
Hepliaklqana
Kikubaaqudgha
Makhleb
Nemelex Xobeh
Okawaru
Qazlal
Ru
Sif Muna
Trog
Uskayaw
Vehumet
The Shining One

Shops:
D:2 !   D:3 !

Portals:
Abyss: D:3

Annotations:
D:3 2 transporters, mrzisme's ghost, amateur DECj


Innate Abilities, Weirdness & Mutations

You have a pair of horns on your head.
You reflexively headbutt those who attack you in melee.


Message History

You shoot an arrow.
The arrow hits the ogre but does no damage.
You shoot an arrow. The arrow hits the ogre.
The ogre is lightly wounded.
The ogre closely misses you.
You shoot an arrow.
The arrow hits the ogre but does no damage.
The ogre is lightly wounded.
The ogre closely misses you.
You shoot an arrow. The arrow hits the ogre.
The ogre is moderately wounded.
The ogre hits you with a +0 giant spiked club!!
You shoot an arrow. The arrow closely misses the ogre.
You shoot an arrow. The arrow closely misses the ogre.
The ogre closely misses you.
You shoot an arrow. The arrow hits the ogre!
The ogre is heavily wounded.
The ogre hits you with a +0 giant spiked club!!
* * * LOW HITPOINT WARNING * * *
You are too injured to fight recklessly!
You are too injured to fight recklessly!
Unknown command.
You feel much better. The ogre closely misses you. You furiously retaliate!
You headbutt the ogre! You shoot an arrow. The arrow barely misses the ogre.
You shoot an arrow. The arrow barely misses the ogre.
The ogre hits you with a +0 giant spiked club!!
* * * LOW HITPOINT WARNING * * *
You are too injured to fight recklessly!
You are too injured to fight recklessly!
You are too injured to fight recklessly!
You are too injured to fight recklessly!
Fire: a) +0 shortbow
Press: ? - help, Q - select action, (/) - cycle Shift-Dir - straight line, f/p - ogre
Aim: an ogre, wielding a +0 giant spiked club (severely wounded, 79% to hit)
You shoot an arrow. The arrow hits the ogre.
The ogre is almost dead.
The ogre hits you with a +0 giant spiked club!!!
Ouch! That really hurt!
You die...

.......###
###.###....
........
#.........# (....#.
####.#.####..#
....#.
#....#.####..#
###.# #.
#.##...#......
#...# #.
#.##.#.#.#####
#.### #.
#.##.#.#.##.# #.#
#O####....#.#.##.#
#.#
#.@..............##
#.#
###########.##.#...
#.# #.##.#### ###
#.# #.##.#### #.###
#.#
########.##.....
#...# #.#
#........######.
###.# #.#####
#........# #. #.#
#.#...#
#........######.
#.### #.#.#.#
#[..............


You could see an ogre.

Vanquished Creatures
  An ogre (D:4)
  A black bear (D:4)
  A necrophage (D:4)
  A scorpion (D:4)
  2 iguanas
  2 orc wizards
  8 mummies (Ossuary)
  7 adders
  A shadow imp (D:5)
  An ufetubus (D:4)
  A worm zombie (D:4)
  3 worms
  17 orcs
  3 ball pythons
  9 bats
  3 endoplasms
  2 giant cockroaches
  A gnoll zombie (Ossuary)
  10 hobgoblins
  8 jackals
  6 quokkas
  2 frilled lizards (D:2)
  9 goblins
  A goblin zombie (D:4)
  4 hobgoblin zombies (Ossuary)
  6 kobolds
  2 kobold zombies (Ossuary)
  An orc zombie (Ossuary)
  4 rats
117 creatures vanquished.

Notes
Turn   | Place    | Note
-------+----------+-------------------------------------------
     0 | D:1      | safid the Minotaur Hunter began the quest for the Orb.
     0 | D:1      | Reached XP level 1. HP: 18/18 MP: 0/0
   509 | D:1      | Reached XP level 2. HP: 25/25 MP: 1/1
   549 | D:1      | Found a faded altar of an unknown god.
  1151 | D:1      | Reached XP level 3. HP: 31/31 MP: 2/2
  1576 | D:2      | Reached skill level 5 in Ranged Weapons
  1663 | D:2      | Reached XP level 4. HP: 39/39 MP: 3/3
  2028 | D:2      | Found Fuaczar's Distillery.
  2037 | D:2      | Bought a potion of heal wounds for 50 gold pieces
  2037 | D:2      | Bought a potion of curing for 30 gold pieces
  2037 | D:2      | Bought a potion of flight for 30 gold pieces
  2209 | D:3      | Found Ynekhlauck's Distillery.
  2306 | D:3      | Noticed a small abomination
  2310 | D:3      | Noticed a toenail golem
  2318 | D:3      | Noticed a small abomination
  2402 | D:3      | Found a one-way gate to the infinite horrors of the Abyss.
  2402 | D:3      | Noticed mrzisme's ghost (amateur DECj)
  2412 | D:3      | Found a transporter.
  2477 | D:3      | Bought a potion of degeneration for 10 gold pieces
  2686 | D:3      | Reached XP level 5. HP: 39/46 MP: 4/4
  2762 | D:3      | Found a transporter.
  3166 | D:4      | Noticed an ogre
  3178 | D:4      | Killed an ogre
  3179 | D:4      | Reached skill level 6 in Ranged Weapons
  3184 | D:4      | Reached XP level 6. HP: 27/55 MP: 5/5
  3265 | D:4      | Reached skill level 5 in Fighting
  3369 | D:4      | Found a sand-covered staircase.
  3386 | Ossuary  | Entered an ossuary
  3584 | Ossuary  | Reached XP level 7. HP: 41/63 MP: 6/6
  3743 | Ossuary  | Reached skill level 7 in Ranged Weapons
  4083 | D:2      | Bought a potion of cancellation for 80 gold pieces
  4083 | D:2      | Bought a potion of berserk rage for 50 gold pieces
  4083 | D:2      | Bought 2 potions of curing for 60 gold pieces
  4083 | D:2      | Bought a potion of ambrosia for 80 gold pieces
  4828 | D:5      | Entered Level 5 of the Dungeon
  5071 | D:5      | Found a staircase to the Ecumenical Temple.
  5190 | Temple   | Entered the Ecumenical Temple
  5246 | Temple   | Became a worshipper of Warmaster Okawaru
  5463 | D:5      | Demolished by an ogre

Illustrated notes

Levels and vault maps discovered:
D:1:      minmay_arrival_cross, layout_basic,
          shapermc_ecumenical_altar_starsandcircs, grunt_decor_mini_mirrors
D:2:      minmay_general_purpose_star, layout_basic, serial_shops, shop
D:3:      layout_basic, gammafunk_ghost_abyssal_escape, serial_shops,
          nicolae_shop_stone, kennysheep_generic_room_14
D:4:      layout_basic, enter_ossuary_3
D:5:      layout_basic, minmay_temple_entry_enclosed_plants,
          minmay_misc_feat_pillars, minmay_crossroads
Temple:   compressed_dpeg_circular_temple

Skill      XL: |  1  2  3  4  5  6  7 |
---------------+----------------------+-----
Fighting       | 3 4 6 |  6.7
Dodging        | 3 4 |  4.0
Ranged Weapons | 5 6 7 |  7.4
Stealth        | |  0.7

Action                   |  1- 3 |  4- 6 |  7- 9 || total
-------------------------+-------+-------+-------++-------
 Fire: Shortbow          |   139 |   180 |    94 ||   413
  Use: Potion            |       |     3 |     1 ||     4
Armor: Leather armour    |    29 |    25 |     4 ||    58
Dodge: Dodged            |    71 |    71 |    24 ||   166
